[Event "XLIV Barbera del Valles-A 2022"]
[Site "Barbera del Valles"]
[Date "2022.07.07"]
[Round "4.5"]
[White "Barros, Raul Junior"]
[Black "Sanchez, Sebastian Felipe"]
[Result "0-1"]
[ECO "A08"]
[WhiteElo "2174"]
[BlackElo "2440"]
[Annotator "TA"]
[PlyCount "92"]
[EventDate "2022.07.04"]
[EventType "swiss"]
[EventCountry "ESP"]
[SourceTitle "playchess.com"]
[Source "ChessBase"]
[SourceQuality "1"]
[TimeControl "5400+30"]

1. e4 e6 2. Qe2 c5 3. Nf3 Nc6 4. g3 g6 5. Bg2 Bg7 6. c3 Nge7 7. d3 d5 8. O-O b6 9. Na3 {[%emt 0:03:53] is the legacy move (9.Re1). A08: King's Indian Attack.} O-O 10. exd5 Nxd5 11. Nc4 {[%emt 0:03:11] The position is equal.} Bb7 12. Bg5 Qd7 {[%emt 0:05:58] [#]} 13. Qd2 $146 ({Predecessor:} 13. a4 f6 14. Bh3 Rfe8 15. Bd2 Nc7 16. Bf4 Nd5 17. Bc1 Qc7 18. Re1 e5 19. Bd2 {0-1 (77) Revilla Alvarez,A (2179)-Ragolta Franco,E (2213) Nueva Gerona 2009}) 13... Rfe8 14. Rad1 e5 15. Bh6 Rad8 16. Bxg7 Kxg7 17. Rfe1 f6 18. Qc2 Re7 19. Re2 Qc7 20. Ne3 Red7 21. Red2 Nce7 22. Nf1 Nf5 23. h3 h5 24. h4 Rd6 25. Qa4 Bc6 26. Qc4 Qd7 27. Ne1 Re6 28. a3 Rd6 {[%emt 0:01:21] 0x0.001b6a688008dp-1022s more active pieces. The white rooks are badly placed.} 29. Nc2 Bb5 30. Qe4 Ba4 31. Rc1 Nde7 32. Ne1 Bb5 33. c4 $2 {[%emt 0:00:43] [#] White does not recover from this.} (33. Ra1 $17) 33... Bc6 $19 34. Qe2 Bxg2 35. Kxg2 Nc6 36. Ne3 Ncd4 37. Qd1 Qb7+ 38. Kg1 Nxe3 39. fxe3 Nf5 $36 {[%emt 0:00:04][%mdl 2048] Keeping White busy.} 40. Kf2 (40. e4 {was the crucial defense.} Nd4 41. b4) 40... e4 {[%emt 0:00:09] Black is clearly winning.} ({But not} 40... Qh1 $2 41. Qf3 Qh2+ 42. Qg2 Qxg2+ 43. Kxg2 $19) 41. g4 Nxh4 42. gxh5 Qd7 {[%emt 0:00:08] [#] Prevents Qg4. Threatens to win with ...Rh8.} 43. Kg3 Nf5+ 44. Kf2 Nh6 {[%emt 0:00:11] White must now prevent ...Qh3.} 45. Kg1 Qh3 {[%emt 0:00:31] aiming for ...Ng4.} 46. Qe2 Ng4 {[%emt 0:00:46] Against Qf2.  Weighted Error Value: White=0.47/Black=0.22 (precise)} 0-1

[Event "XLIV Barbera del Valles-A 2022"]
[Site "Barbera del Valles"]
[Date "2022.07.07"]
[Round "4.6"]
[White "Lorscheid, Gerhard"]
[Black "Munoz, Miguel"]
[Result "1/2-1/2"]
[ECO "A35"]
[WhiteElo "2126"]
[BlackElo "2408"]
[Annotator "TA"]
[PlyCount "51"]
[EventDate "2022.07.04"]
[EventType "swiss"]
[EventCountry "ESP"]
[SourceTitle "playchess.com"]
[Source "ChessBase"]
[SourceQuality "1"]
[TimeControl "5400+30"]

1. Nf3 c5 2. c4 Nc6 3. Nc3 g6 4. d4 Bg7 5. d5 Na5 6. e4 {[%emt 0:00:30] White is more active. A35: Symmetrical English: 2 Nc3 Nc6 3 Nf3.} d6 7. Bd3 Nf6 8. O-O {[%emt 0:00:30] White is better.} O-O 9. h3 e5 10. dxe6 (10. Bg5 $16) 10... fxe6 $11 {[%emt 0:00:30] [#]} 11. e5 $146 ({Predecessor:} 11. Bg5 e5 12. Qd2 Be6 13. b3 Qd7 14. Rfd1 Nc6 15. Nd5 Nh5 16. Be2 Rf7 17. Nh2 {0-1 (31) Ribera Nebot,J (2074)-Munoz Pantoja,M (2401) Barcelona 2015}) 11... dxe5 12. Bg5 Nc6 13. Re1 Qc7 14. Qd2 Nh5 15. Qe3 Nf4 16. Bxf4 Rxf4 17. Qxc5 b6 18. Nb5 bxc5 19. Nxc7 {[%emt 0:00:30] Pair of Knights!} Rb8 20. Nb5 Bb7 {[%emt 0:00:30] [#] ...Nb4 is the strong threat.} 21. Ng5 Nd4 22. Nxd4 Rxd4 23. Rad1 e4 24. Bxe4 (24. Bc2 $1 $14) 24... Bxe4 25. Nxe4 Rxc4 26. b3 {[%emt 0:00:30] Weighted Error Value: White=0.10 (very precise) /Black=0.10 (very precise)} 1/2-1/2

[Event "XLIV Barbera del Valles-A 2022"]
[Site "Barbera del Valles"]
[Date "2022.07.07"]
[Round "4.7"]
[White "Gourav Nigam"]
[Black "Valenzuela Gomez, Fernando"]
[Result "0-1"]
[ECO "C91"]
[WhiteElo "1803"]
[BlackElo "2373"]
[Annotator "RC"]
[PlyCount "90"]
[EventDate "2022.07.04"]
[EventType "swiss"]
[EventCountry "ESP"]
[SourceTitle "playchess.com"]
[Source "ChessBase"]
[SourceQuality "1"]
[TimeControl "5400+30"]

1. e4 e5 2. Nf3 Nc6 3. Bb5 a6 4. Ba4 Nf6 5. O-O Be7 6. Re1 b5 7. Bb3 d6 8. c3 O-O 9. d4 Bg4 10. d5 Na5 11. Bc2 Qc8 12. h3 Bd7 13. Nbd2 c6 14. dxc6 Qxc6 15. Nf1 Rfc8 16. Ne3 Qc7 17. Nd5 Nxd5 18. exd5 Qd8 19. Nh2 f5 20. f4 e4 21. g4 Bh4 22. Re2 Qf6 23. Rg2 Qf7 24. Nf1 Nb7 25. Be3 Nc5 26. Qd2 a5 27. Rd1 Rc7 28. a3 Re8 29. g5 Nd3 30. Bxd3 exd3 31. Qxd3 Qh5 32. Bb6 Rc4 33. Bd4 Re4 34. Be3 Rc8 35. Bc1 Rce8 36. Kh2 Re2 37. Ne3 Rxg2+ 38. Kxg2 Re4 39. Rf1 h6 40. Qd1 Qe8 41. Qf3 hxg5 42. fxg5 g6 43. Kh1 Bxg5 44. Nxf5 Bxf5 45. Bxg5 Rh4 0-1

[Event "XLIV Barbera del Valles-A 2022"]
[Site "Barbera del Valles"]
[Date "2022.07.07"]
[Round "4.8"]
[White "Alvarez Albiol, Victor"]
[Black "Salinas Tomas, Daniel"]
[Result "1-0"]
[ECO "B31"]
[WhiteElo "2367"]
[BlackElo "2185"]
[Annotator "RC"]
[PlyCount "69"]
[EventDate "2022.07.04"]
[EventType "swiss"]
[EventCountry "ESP"]
[SourceTitle "playchess.com"]
[Source "ChessBase"]
[SourceQuality "1"]
[TimeControl "5400+30"]

1. e4 c5 2. Nf3 Nc6 3. Bb5 g6 4. O-O Bg7 5. Re1 Nf6 6. c3 O-O 7. h3 e5 8. d4 cxd4 9. cxd4 exd4 10. e5 Nd5 11. Bg5 Qb6 12. Bc4 Nde7 13. Nbd2 h6 14. Bf4 g5 15. Bh2 d6 16. exd6 Ng6 17. Qc2 Kh7 18. h4 gxh4 19. Nxh4 Nb4 20. Qb1 d3 21. Bxd3 Nxd3 22. Qxd3 Kg8 23. Nc4 Qc5 24. Nxg6 fxg6 25. Ne3 Bd7 26. Rac1 Qh5 27. Nd5 Rxf2 28. Kxf2 Qxh2 29. Ne7+ Kh7 30. Nxg6 Kg8 31. Rc7 Rf8+ 32. Nxf8 Qf4+ 33. Qf3 Bd4+ 34. Kf1 Bb5+ 35. Re2 1-0

[Event "XLIV Barbera del Valles-A 2022"]
[Site "Barbera del Valles"]
[Date "2022.07.07"]
[Round "4.9"]
[White "Nagare Akhilesh"]
[Black "Bernado Lopez, Roger"]
[Result "1/2-1/2"]
[ECO "D36"]
[WhiteElo "1856"]
[BlackElo "2315"]
[Annotator "RC"]
[PlyCount "97"]
[EventDate "2022.07.04"]
[EventType "swiss"]
[EventCountry "ESP"]
[SourceTitle "playchess.com"]
[Source "ChessBase"]
[SourceQuality "1"]
[TimeControl "5400+30"]

1. c4 e6 2. Nc3 d5 3. d4 Nf6 4. cxd5 exd5 5. Bg5 c6 6. Qc2 h6 7. Bh4 Be7 8. e3 O-O 9. Bd3 Re8 10. Nf3 Ne4 11. Bxe7 Qxe7 12. O-O Nd7 13. Rab1 a5 14. a3 Ndf6 15. b4 axb4 16. axb4 Bf5 17. Ne5 Nxc3 18. Qxc3 Bxd3 19. Nxd3 Ne4 20. Qb2 Nd6 21. Ra1 Qg5 22. Qe2 Nf5 23. Qf3 f6 24. b5 Rxa1 25. Rxa1 Re4 26. bxc6 bxc6 27. g3 h5 28. Nf4 h4 29. Qh5 Qxh5 30. Nxh5 Re7 31. Rc1 hxg3 32. hxg3 Rc7 33. Nf4 Ne7 34. g4 Kf7 35. Kg2 g5 36. Nd3 Rb7 37. Rc3 Rb1 38. Nc1 Ke6 39. Ne2 Rb2 40. Ng3 Kd7 41. Kf3 Rb8 42. Ra3 Nc8 43. Nf5 Nd6 44. Nxd6 Kxd6 45. Ra7 Rb3 46. Rf7 Ke6 47. Rc7 Kd6 48. Rf7 Ke6 49. Rc7 1/2-1/2

[Event "XLIV Barbera del Valles-A 2022"]
[Site "Barbera del Valles"]
[Date "2022.07.07"]
[Round "4.10"]
[White "Vehi Bach, Victor Manuel"]
[Black "Dahale, Atul"]
[Result "0-1"]
[ECO "B90"]
[WhiteElo "2290"]
[BlackElo "2162"]
[Annotator "RC"]
[PlyCount "100"]
[EventDate "2022.07.04"]
[EventType "swiss"]
[EventCountry "ESP"]
[SourceTitle "playchess.com"]
[Source "ChessBase"]
[SourceQuality "1"]
[TimeControl "5400+30"]

1. e4 c5 2. Nf3 d6 3. d4 cxd4 4. Nxd4 Nf6 5. Nc3 a6 6. h3 e5 7. Nb3 b5 8. a4 b4 9. Nd5 Nxd5 10. Qxd5 Ra7 11. Be3 Be6 12. Qa5 Qxa5 13. Nxa5 Rc7 14. Bd3 Be7 15. O-O-O O-O 16. b3 Nd7 17. Bc4 Nc5 18. f3 Bxc4 19. Nxc4 Nxa4 20. Nxd6 Nc3 21. Rd2 Bxd6 22. Rxd6 Rfc8 23. Rd2 Rc6 24. Kb2 g6 25. Bh6 Nb5 26. Rc1 R6c7 27. f4 exf4 28. Bxf4 Rc6 29. Rcd1 f6 30. e5 g5 31. Be3 fxe5 32. Rd8+ Rxd8 33. Rxd8+ Kf7 34. Rd2 h6 35. Rf2+ Ke6 36. h4 Nc3 37. Rf1 gxh4 38. Bxh6 Kd5 39. Bf8 Rb6 40. Be7 e4 41. Bxb4 Nb5 42. Be7 Nd4 43. Bxh4 e3 44. Re1 Ke4 45. Bg5 e2 46. Bd2 Rg6 47. c3 Kd3 48. Bc1 Nb5 49. c4 Nd4 50. Bf4 Rxg2 0-1

[Event "XLIV Barbera del Valles-A 2022"]
[Site "Barbera del Valles"]
[Date "2022.07.08"]
[Round "5.1"]
[White "Alsina Leal, Daniel"]
[Black "Asis Gargatagli, Hipolito"]
[Result "1-0"]
[ECO "C58"]
[WhiteElo "2525"]
[BlackElo "2514"]
[Annotator "TA"]
[PlyCount "87"]
[EventDate "2022.07.04"]
[EventType "swiss"]
[EventCountry "ESP"]
[SourceTitle "playchess.com"]
[Source "ChessBase"]
[SourceQuality "1"]
[TimeControl "5400+30"]

1. e4 e5 2. Nf3 Nc6 3. Bc4 Nf6 4. Ng5 d5 5. exd5 Na5 6. Bb5+ c6 7. dxc6 bxc6 8. Bd3 Nd5 {[%emt 0:00:29] C58: Two Knights: 4 Ng5 d5 5 exd5 Na5 sidelines.} 9. Nf3 (9. Qh5 g6 10. Nxf7 gxh5 $17) 9... Bd6 10. O-O O-O {[%emt 0:00:04] The position is equal.} 11. Re1 f5 12. Nxe5 {[%emt 0:00:20] Threatens to win with Bf1.} Qf6 $1 (12... Qh4 13. Bf1 $18) 13. Nf3 g5 $1 14. c4 $1 {[%emt 0:00:25] 14.c4 scores better than 14.g3.} (14. g3 $5 ) 14... Nf4 15. Bf1 {[%emt 0:00:07] Hoping for d4.} g4 16. d4 gxf3 17. Qxf3 Ne6 (17... Qxd4 18. Rd1 Nh3+ 19. gxh3 $16) 18. Qc3 Qh4 19. h3 {[%emt 0:00:38][%mdl 1024] White has compensation.} c5 {[%emt 0:00:23][%cal Of5f4] [#]} 20. Na3 $5 $146 {[%emt 0:00:58][%mdl 8] An interesting novelty.} ({White should try} 20. Qxa5 $16 {aiming for dxc5.} Bc7 21. Qa3) ({Predecessor:} 20. Nd2 Nxd4 21. Nf3 Nxf3+ 22. Qxf3 Bb7 23. Qc3 Nc6 24. Re6 Rad8 25. Bh6 Nd4 26. Bxf8 Bxf8 {0-1 (32) Deac,B (2679)-Demchenko,A (2654) Chess.com INT 2022}) 20... Nb7 $36 {[%emt 0:01:49][%mdl 2048] Black has the initiative.} 21. Qf3 {[%emt 0:04:33] Nb5 is the strong threat.} Rb8 {[%emt 0:36:47] [#]} (21... Qxd4 $2 22. Nb5 Qg7 23. Nxd6 Nxd6 24. Qxa8 $18) (21... Nxd4 $11 22. Qd5+ Kg7) 22. Qd5 (22. Nb5 $1 $16) 22... Rd8 23. Qxf5 {[%emt 1:18:27] Dancing on a razor blade.} Rf8 24. Qg4+ ({Better is} 24. Re4 $11 Qe7 25. Qg4+ Kh8 26. Nb5 (26. Bh6 Rg8 $11)) 24... Qxg4 $15 25. hxg4 Nxd4 26. Bh6 {[%emt 0:00:00] [#]} Bxg4 27. Bxf8 $11 Rxf8 28. Bd3 a6 {[%emt 0:20:11] Prevents Nb5.} 29. Nc2 Nxc2 30. Bxc2 Nd8 31. Be4 {[%emt 0:00:00] Inhibits Nc6.} (31. Re4 $5 Bf5 32. Re2 $14) 31... Kg7 32. Bd5 Kf6 33. Re3 Nf7 (33... Be5 $11 {remains equal.}) 34. Rae1 Ne5 35. Rb3 Bc8 (35... a5 $142) 36. Rb6 $16 Rd8 37. Re3 Kf5 38. Rh3 {[%emt 0:00:00] Strongly threatening Rh6. White is more active.} Kg6 {[%emt 0:00:00] Prevents Rh6+.} 39. Rg3+ Kf5 {[%emt 0:00:16] A mistake that costs the game.} (39... Ng4 $16 {is a better defense.}) 40. Rg8 $18 (40. Rg7 Ng4 $16) 40... Rxg8 41. Bxg8 Bc7 42. Rh6 ({Don't do} 42. Bxh7+ $6 Kg5 43. Rb3 Kf6 $16) 42... Ke4 (42... Bd8 $142 43. Bd5 (43. Bxh7+ Kg5 $16) (43. Rxh7 Kg6 $16) 43... Bf6 44. Rxh7 Nd7) 43. Bxh7+ Kf4 $2 (43... Kd4 44. f4 Nxc4) 44. Rf6+ {[%emt 0:00:00] Weighted Error Value: White=0.15 (very precise) /Black=0.24 (precise)} 1-0

[Event "XLIV Barbera del Valles-A 2022"]
[Site "Barbera del Valles"]
[Date "2022.07.08"]
[Round "5.2"]
[White "Rios, Cristhian Camilo"]
[Black "Moskalenko, Viktor"]
[Result "1/2-1/2"]
[ECO "A90"]
[WhiteElo "2399"]
[BlackElo "2457"]
[Annotator "RC"]
[PlyCount "34"]
[EventDate "2022.07.04"]
[EventType "swiss"]
[EventCountry "ESP"]
[SourceTitle "playchess.com"]
[Source "ChessBase"]
[SourceQuality "1"]
[TimeControl "5400+30"]

1. d4 d5 2. c4 e6 3. g3 c6 4. Bg2 Bd6 5. Nd2 f5 6. Nh3 Nf6 7. O-O O-O 8. Qc2 Qe7 9. Nf3 Nbd7 10. Bf4 Ne4 11. Bxd6 Nxd6 12. b3 b6 13. Nf4 Bb7 14. Nd3 Rac8 15. Rac1 dxc4 16. bxc4 c5 17. Qa4 cxd4 1/2-1/2

[Event "XLIV Barbera del Valles-A 2022"]
[Site "Barbera del Valles"]
[Date "2022.07.08"]
[Round "5.3"]
[White "Cuartas, Jaime Alexander"]
[Black "Gkoumas, Georgios"]
[Result "0-1"]
[ECO "D02"]
[WhiteElo "2513"]
[BlackElo "2427"]
[Annotator "TA"]
[PlyCount "100"]
[EventDate "2022.07.04"]
[EventType "swiss"]
[EventCountry "ESP"]
[SourceTitle "playchess.com"]
[Source "ChessBase"]
[SourceQuality "1"]
[TimeControl "5400+30"]

1. d4 Nf6 2. Bf4 d5 3. e3 c5 4. c3 Nc6 5. Nf3 Qb6 6. Qb3 c4 7. Qc2 {[%emt 0:00:03] 7.Qc2 is better than 7.Qxb6.} Bf5 8. Qc1 ({Not} 8. Qxf5 $2 Qxb2 9. Nbd2 Qxa1+ $19) 8... Nh5 {[%emt 0:00:23] D02: 1 d4 d5 2 Nf3 sidelines, including 2...Nf6 3 g3 and 2...Nf6 3 Bf4.} 9. Be2 Nxf4 10. exf4 e6 {[%emt 0:06:58] Black is slightly better.} 11. O-O Be7 {[%emt 0:00:58] Inhibits Nh4.} 12. Re1 O-O 13. Nbd2 Qc7 {[%emt 0:01:09] [#]} 14. Nf1 $146 ({Predecessor:} 14. g3 b5 15. Nf1 h6 16. Ne3 Be4 17. Nd2 Bg6 18. Bd1 Bd6 19. Bc2 Bxc2 20. Qxc2 {1-0 (56) Lazic,L (2155)-Poleksic,M (2113) Belgrade 2018}) 14... b5 15. Ng3 Bg6 16. Bd1 b4 17. Ba4 {[%emt 0:00:46][%cal Of4f5] Threatens to win with f5!} bxc3 $2 (17... Bd6 $17 {Hoping for ...bxc3.} 18. Ne5 Ne7) 18. bxc3 $2 {[%emt 0:01:28] [#]} (18. f5 $1 $14 {stays ahead.}) 18... Bd6 $1 $17 {[%emt 0:02:27] Black converts the advantage convincingly.} 19. Ne2 Rab8 20. g3 Rb7 {[%emt 0:08:42] 0x0.0022fcd00b13dp-1022s more active pieces. The white rooks are badly placed.} 21. Bc2 {[%emt 0:05:17] [#]} Ba3 $1 22. Qxa3 {[%emt 0:01:41][%cal Of4f5] aiming for f5!} Bxc2 23. Ne5 (23. Qc1 $17 Be4 24. Qe3) 23... Rfb8 $19 24. Qc5 Nxe5 25. fxe5 Be4 26. Qa3 Qe7 27. Qc1 (27. Qxe7 {is a better defense.} Rxe7 28. Nf4) 27... Rb2 28. h4 h6 29. a4 a5 30. Qe3 Rc2 31. Rec1 Rxc1+ 32. Qxc1 Rb3 33. Nf4 Qb7 34. Ng2 Rb2 35. Ne3 Qb3 36. g4 Re2 37. h5 Rb2 38. Kf1 Qb8 39. Kg1 Re2 {[%emt 0:04:16] Strongly threatening ...Qd8.} 40. Kf1 Bf3 41. Rb1 Qd8 {[%emt 0:00:01] ( -> ...Qh4)} 42. Rb5 (42. Ng2 $19 Bxg4 43. Qf4 Bxh5 44. Qg3) 42... Qh4 {[%emt 0:01:47][%csl Ge2,LRf2,LRg4][%cal Rh4f2] Black mates.} 43. Rb8+ Kh7 44. Qb1+ {[%emt 0:00:05] [#]} g6 $1 45. hxg6+ Kg7 46. Rg8+ Kxg8 47. gxf7+ Kf8 ({Worse is} 47... Kxf7 48. Qh7+ Ke8 49. Qg8+ Kd7 50. Qf7+ Qe7 51. Qxf3 $17) 48. Qb8+ Kxf7 49. Qb7+ Kg6 50. Qb1+ Kg5 {[%emt 0:00:31] Weighted Error Value: White=0.49/Black=0.13 (very precise)} 0-1

[Event "XLIV Barbera del Valles-A 2022"]
[Site "Barbera del Valles"]
[Date "2022.07.08"]
[Round "5.4"]
[White "Narciso Dublan, Marc"]
[Black "Valenzuela Gomez, Fernando"]
[Result "1/2-1/2"]
[ECO "C22"]
[WhiteElo "2461"]
[BlackElo "2373"]
[Annotator "RC"]
[PlyCount "78"]
[EventDate "2022.07.04"]
[EventType "swiss"]
[EventCountry "ESP"]
[SourceTitle "playchess.com"]
[Source "ChessBase"]
[SourceQuality "1"]
[TimeControl "5400+30"]

1. e4 e5 2. d4 exd4 3. Qxd4 Nc6 4. Qc4 Nf6 5. Nc3 Bb4 6. Bd2 O-O 7. O-O-O Re8 8. f3 a5 9. a3 d6 10. Nh3 Ne5 11. Qe2 Be6 12. Nf4 Bc4 13. Qf2 Bc5 14. Be3 Nxe4 15. fxe4 Ng4 16. Bxc5 Nxf2 17. Bxf2 Bxf1 18. Rhxf1 b5 19. b4 axb4 20. axb4 Ra1+ 21. Kd2 Rxd1+ 22. Rxd1 f5 23. exf5 Qg5 24. g3 Qxf5 25. h4 Qf7 26. Nxb5 Qc4 27. Nc3 Qxb4 28. Re1 Rxe1 29. Bxe1 c6 30. Nd3 Qc4 31. Bf2 h6 32. Be3 Qe6 33. Ne2 c5 34. Nc3 Qh3 35. Bf4 Qg2+ 36. Ne2 c4 37. Nb4 d5 38. c3 Qe4 39. Nc6 Kh7 1/2-1/2

[Event "XLIV Barbera del Valles-A 2022"]
[Site "Barbera del Valles"]
[Date "2022.07.08"]
[Round "5.5"]
[White "Sanchez, Sebastian Felipe"]
[Black "Alvarez Albiol, Victor"]
[Result "1-0"]
[ECO "E11"]
[WhiteElo "2440"]
[BlackElo "2367"]
[Annotator "RC"]
[PlyCount "61"]
[EventDate "2022.07.04"]
[EventType "swiss"]
[EventCountry "ESP"]
[SourceTitle "playchess.com"]
[Source "ChessBase"]
[SourceQuality "1"]
[TimeControl "5400+30"]

1. d4 Nf6 2. c4 e6 3. g3 d5 4. Nf3 Bb4+ 5. Bd2 Be7 6. Bg2 O-O 7. O-O Nbd7 8. Qc2 c6 9. Rd1 b6 10. Bg5 Bb7 11. Nc3 dxc4 12. Nd2 Nd5 13. Bxe7 Qxe7 14. Nxc4 Nxc3 15. Qxc3 Rac8 16. e4 Ba6 17. Ne3 Rfd8 18. Rd2 Nf6 19. Rad1 h6 20. Qb3 Kh8 21. f4 c5 22. e5 Nd5 23. Nxd5 exd5 24. Bxd5 c4 25. Qf3 f5 26. Bc6 Rxc6 27. Qxc6 Bb7 28. Qxc4 Bd5 29. Qd3 Rf8 30. Rc1 g5 31. Qa3 1-0

[Event "XLIV Barbera del Valles-A 2022"]
[Site "Barbera del Valles"]
[Date "2022.07.08"]
[Round "5.6"]
[White "Dahale, Atul"]
[Black "Munoz, Miguel"]
[Result "1/2-1/2"]
[ECO "E90"]
[WhiteElo "2162"]
[BlackElo "2408"]
[Annotator "RC"]
[PlyCount "117"]
[EventDate "2022.07.04"]
[EventType "swiss"]
[EventCountry "ESP"]
[SourceTitle "playchess.com"]
[Source "ChessBase"]
[SourceQuality "1"]
[TimeControl "5400+30"]

1. d4 Nf6 2. c4 c5 3. d5 d6 4. Nc3 g6 5. e4 Bg7 6. h3 O-O 7. Nf3 e6 8. Bd3 exd5 9. exd5 Re8+ 10. Be3 Bh6 11. O-O Bxe3 12. fxe3 Qe7 13. e4 Nbd7 14. Qd2 a6 15. Rf2 Kg7 16. Raf1 Rf8 17. Ne2 b5 18. Ng3 Ne8 19. Qc3+ f6 20. cxb5 axb5 21. Bxb5 Rxa2 22. Bxd7 Qxd7 23. b4 cxb4 24. Qxb4 Qa7 25. Qc4 Rxf2 26. Rxf2 Bd7 27. Nd4 Nc7 28. Ra2 Qb6 29. Kh2 Rc8 30. Nge2 Ne8 31. Qd3 Kg8 32. Rc2 Rc5 33. Nf4 Rxc2 34. Nxc2 Qf2 35. Ne2 f5 36. Ncd4 Nf6 37. exf5 Bxf5 38. Nxf5 Qxf5 39. Qxf5 gxf5 40. Nd4 f4 41. Nf5 Ne4 42. Nd4 Ng3 43. Ne6 Ne2 44. Ng5 Nc3 45. g3 h6 46. Nf3 Nxd5 47. gxf4 Nxf4 48. Kg3 Ne6 49. Kg4 Kf7 50. Kf5 Ng7+ 51. Ke4 Kf6 52. Kd5 Nf5 53. Nd2 Kg5 54. Ne4+ Kf4 55. Nxd6 Nxd6 56. Kxd6 h5 57. h4 Kg4 58. Ke5 Kxh4 59. Kf4 1/2-1/2

[Event "XLIV Barbera del Valles-A 2022"]
[Site "Barbera del Valles"]
[Date "2022.07.08"]
[Round "5.7"]
[White "Bernado Lopez, Roger"]
[Black "Ortiz Verdezoto, Anahi"]
[Result "0-1"]
[ECO "C81"]
[WhiteElo "2315"]
[BlackElo "2046"]
[Annotator "RC"]
[PlyCount "142"]
[EventDate "2022.07.04"]
[EventType "swiss"]
[EventCountry "ESP"]
[SourceTitle "playchess.com"]
[Source "ChessBase"]
[SourceQuality "1"]
[TimeControl "5400+30"]

1. e4 e5 2. Nf3 Nc6 3. Bb5 a6 4. Ba4 Nf6 5. O-O Nxe4 6. d4 b5 7. Bb3 d5 8. dxe5 Be6 9. Qe2 Nc5 10. Rd1 Nxb3 11. axb3 Be7 12. c4 bxc4 13. bxc4 Nb4 14. cxd5 Nxd5 15. Rxa6 O-O 16. Nd4 Bc5 17. Nc3 Rxa6 18. Qxa6 Qe7 19. Ne4 Bb6 20. Bg5 Qb4 21. Qb5 Qxb5 22. Nxb5 Rb8 23. Nbc3 c6 24. Bc1 h6 25. h3 Bc7 26. f4 Rb4 27. g4 h5 28. Nxd5 Bxd5 29. Nf2 hxg4 30. hxg4 Bb6 31. Kf1 Rb3 32. Ke1 Rf3 33. Nd3 Bb3 34. Rd2 Ba5 35. Ke2 Rh3 36. Nf2 Bxd2 37. Bxd2 Bc4+ 38. Ke1 Rg3 39. Ne4 Rxg4 40. Kf2 Bd5 41. Ng3 f6 42. exf6 gxf6 43. Nf5 Rg2+ 44. Ke3 Kf7 45. Bc3 c5 46. Kd3 Rf2 47. Ne3 Be6 48. f5 Bxf5+ 49. Kc4 Rf3 50. Bd2 Rf2 51. Bc3 Be4 52. Kxc5 f5 53. Kd4 Ba8 54. Nc4 Ke6 55. Ke3 Rf3+ 56. Ke2 Rh3 57. Ne3 f4 58. Nc4 Be4 59. Nd2 Kf5 60. Bd4 Bd3+ 61. Kf2 Rh2+ 62. Ke1 Kg4 63. b4 Re2+ 64. Kd1 f3 65. Nf1 f2 66. Nh2+ Kh3 67. Nf1 Ra2 68. Ne3 f1=Q+ 69. Nxf1 Bxf1 70. Kc1 Bd3 71. Bb2 Kg4 0-1

[Event "XLIV Barbera del Valles-A 2022"]
[Site "Barbera del Valles"]
[Date "2022.07.08"]
[Round "5.8"]
[White "Del Amo Carbo, Jordi"]
[Black "Perez Bolanos, David"]
[Result "1/2-1/2"]
[ECO "D02"]
[WhiteElo "2148"]
[BlackElo "2041"]
[Annotator "RC"]
[PlyCount "136"]
[EventDate "2022.07.04"]
[EventType "swiss"]
[EventCountry "ESP"]
[SourceTitle "playchess.com"]
[Source "ChessBase"]
[SourceQuality "1"]
[TimeControl "5400+30"]

1. d4 d5 2. Nf3 Nf6 3. g3 Bf5 4. Bg2 h6 5. c4 c6 6. Qb3 Qb6 7. c5 Qxb3 8. axb3 e6 9. b4 Be7 10. Nc3 a6 11. b5 cxb5 12. Nxb5 O-O 13. Nc3 Nc6 14. O-O Ne4 15. Na4 Bf6 16. e3 g5 17. Nd2 Nxd2 18. Bxd2 Bg6 19. Bc3 Bg7 20. Nb6 Rad8 21. Rfd1 f5 22. f4 g4 23. b4 Na7 24. Bb2 Be8 25. Bf1 Bc6 26. Na4 Ra8 27. Nb6 Rab8 28. Ra2 Bf6 29. Rda1 Bd8 30. Na4 Bc7 31. Nc3 Kf7 32. Bxa6 bxa6 33. Rxa6 Rxb4 34. Rxa7 Rc8 35. Bc1 Ke7 36. Bd2 Rb2 37. R1a2 Rxa2 38. Nxa2 Kd8 39. Nb4 Kd7 40. Kf2 Rb8 41. Ke1 Bb5 42. Kd1 Kc8 43. Kc2 Rb7 44. Ra8+ Rb8 45. Ra3 h5 46. Bc3 Rb7 47. Kd2 Rb8 48. Nc2 Bc6 49. Ra6 Kd7 50. Nb4 Bb5 51. Ra7 Kc8 52. Nc2 Rb7 53. Ra1 Kb8 54. Ba5 Bxa5+ 55. Rxa5 Bc4 56. Ra4 Bb3 57. Rb4 Bxc2 58. Rxb7+ Kxb7 59. Kxc2 Kc6 60. Kb3 Kb5 61. Ka3 Ka5 62. c6 Kb6 63. Kb4 Kxc6 64. Ka5 Kc7 65. Ka6 Kc6 66. Ka5 Kc7 67. Kb5 Kb7 68. Kc5 Kc7 1/2-1/2

[Event "XLIV Barbera del Valles-A 2022"]
[Site "Barbera del Valles"]
[Date "2022.07.08"]
[Round "5.9"]
[White "Shah, Vishwa"]
[Black "Lorscheid, Gerhard"]
[Result "1-0"]
[ECO "C41"]
[WhiteElo "1931"]
[BlackElo "2126"]
[Annotator "RC"]
[PlyCount "91"]
[EventDate "2022.07.04"]
[EventType "swiss"]
[EventCountry "ESP"]
[SourceTitle "playchess.com"]
[Source "ChessBase"]
[SourceQuality "1"]
[TimeControl "5400+30"]

1. e4 d6 2. d4 Nf6 3. Nc3 e5 4. Nf3 Nbd7 5. Bc4 Be7 6. O-O Nb6 7. Bb3 exd4 8. Nxd4 c5 9. Nf5 Bxf5 10. exf5 c4 11. Ba4+ Nxa4 12. Nxa4 d5 13. Nc3 Qd7 14. Bg5 Rd8 15. Qf3 O-O 16. Rad1 d4 17. Ne2 d3 18. cxd3 cxd3 19. Nc1 Qd5 20. Rxd3 Qxf3 21. Rxf3 Rd5 22. Ne2 Rb5 23. Rb1 h6 24. Nc3 Re5 25. Re3 Rxe3 26. Bxe3 a6 27. Rd1 Rc8 28. h3 b5 29. g4 Bb4 30. Nd5 Nxd5 31. Rxd5 Be7 32. Kg2 Bf6 33. Rd6 Rc2 34. Rxa6 Rxb2 35. Kf3 b4 36. Bxh6 Bd4 37. Be3 Bxe3 38. fxe3 Rh2 39. Kg3 Re2 40. Kf4 Rf2+ 41. Ke4 Rh2 42. Ra4 Rxh3 43. Rxb4 Rh2 44. a4 f6 45. Kd5 Re2 46. Re4 1-0

[Event "XLIV Barbera del Valles-A 2022"]
[Site "Barbera del Valles"]
[Date "2022.07.08"]
[Round "5.10"]
[White "Pimpalkhare Vedant"]
[Black "Nagare Akhilesh"]
[Result "1-0"]
[ECO "A10"]
[WhiteElo "2057"]
[BlackElo "1856"]
[Annotator "NA RC"]
[PlyCount "77"]
[EventDate "2022.07.04"]
[EventType "swiss"]
[EventCountry "ESP"]
[SourceTitle "playchess.com"]
[Source "ChessBase"]
[SourceQuality "1"]
[TimeControl "5400+30"]

1. Nf3 e6 2. g3 f5 3. Bg2 Nf6 4. c4 d5 5. cxd5 exd5 6. O-O Be7 7. d4 O-O 8. Qb3 c6 9. Bf4 Bd6 10. e3 Bxf4 11. exf4 a5 12. Nc3 b5 13. Ne5 Be6 14. Rac1 Qd6 15. Rfe1 Ra6 16. Re2 Bf7 17. f3 Ra7 18. Nd1 Be8 19. Rec2 g6 20. Bf1 Nh5 21. Nf2 Ng7 22. Qe3 Qf6 23. Re1 Qd8 24. Nfd3 Rf6 25. Nc5 Kf8 26. Qc3 Qb6 27. Rce2 Na6 28. Ned3 Nb8 29. g4 fxg4 30. fxg4 Qd8 31. g5 Rd6 32. Bh3 Bf7 33. Ne5 Bg8 34. Qg3 Na6 35. Qh4 Nc7 36. Qh6 Nce8 37. Bg4 Rc7 38. Ncd7+ Rcxd7 39. Nxd7+ 1-0